 Dungeon Crawl Stone Soup version 0.14-a0-736-g2a71271 (webtiles) character file.

1548 PolkaDot the Covered (level 8, 0/66 HPs)
             Began as a Hill Orc Hunter on Nov 7, 2013.
             Was a Believer of Beogh.
             Slain by an orc warrior
             ... wielding a -1,+0 orcish flail
              (14 damage)
             ... on Level 6 of the Dungeon.
             The game lasted 00:28:21 (6211 turns).

PolkaDot the Covered (Hill Orc Hunter)              Turns: 6211, Time: 00:28:21

HP   0/66        AC  6     Str 15      XL: 8   Next: 46%
MP  16/16        EV 10     Int 11      God: Beogh [**....]
Gold 337         SH  0     Dex 13      Spells:  0 memorised,  7 levels left

Res.Fire  : . . .   See Invis. : .   a - +1,+2 orc dagger (venom)
Res.Cold  : . . .   Warding    : .   i - +0 ring mail
Life Prot.: + . .   Conserve   : .   (no shield)
Res.Poison: .       Res.Corr.  : .   (no helmet)
Res.Elec. : .       Clarity    : +   (no cloak)
Sust.Abil.: . .     Spirit.Shd : .   (no gloves)
Res.Mut.  : .       Stasis     : .   (no boots)
Res.Rott. : .       Flight     : .   A - amulet of clarity
Saprovore : + . .                    w - ring of magical power
                                     q - ring of positive energy

@: slightly resistant to hostile enchantments, very unstealthy
A: berserk 1, saprovore 1
a: Smiting, Renounce Religion


You were on level 6 of the Dungeon.
You worshipped Beogh.
Beogh was pleased with you.
You were not hungry.

You visited 1 branch of the dungeon, and saw 6 of its levels.

You collected 337 gold pieces.

Inventory:

Hand weapons
 a - a +1,+2 orcish dagger of venom (weapon)
 b - a +1,+1 orcish bow
Missiles
 c - 63 arrows
Armour
 i - a +0 ring mail (worn)
Magical devices
 e - a wand of enslavement (5)
 r - a wand of polymorph (5)
 H - a wand of digging (12)
Comestibles
 f - 4 meat rations
 j - a choko
 s - an apple
 t - a pear
 x - 2 bread rations
Scrolls
 g - 6 scrolls of teleportation
 h - a scroll of curse jewellery
 k - a scroll of enchant armour {unknown}
 l - 3 scrolls of remove curse
 m - a scroll of random uselessness {unknown}
 n - a scroll of immolation {unknown}
 o - a scroll of amnesia {unknown}
 u - 2 scrolls of identify
 v - a scroll of curse armour {unknown}
 y - a scroll of fear {unknown}
 O - a scroll of magic mapping {unknown}
Jewellery
 q - a ring of positive energy (left hand)
 w - a ring of magical power (right hand)
 A - an amulet of clarity (around neck)
Potions
 p - a potion of flight


   Skills:
 + Level 5.8 Fighting
 + Level 5.1 Bows
 * Level 6.5 Armour
 + Level 3.9 Dodging
 - Level 0.7 Stealth


You had 7 spell levels left.
You didn't know any spells.

Dungeon Overview and Level Annotations

Branches:
Dungeon (6/27)
 Temple: D:4-7          Orc: D:6-11

Altars:
Xom


Innate Abilities, Weirdness & Mutations

You can tolerate rotten meat.
You tend to lose your temper in combat.


Message History

The orc warrior looks even sicker.
The orc warrior is moderately wounded.
The orc warrior hits you but does no damage.
You closely miss the orc warrior.
The orc warrior is moderately wounded.
You hit the orc warrior but do no damage.
The orc warrior is moderately wounded.
The orc warrior hits you with an orcish flail!
* * * LOW HITPOINT WARNING * * *
You barely miss the orc warrior.
The orc warrior is heavily wounded.
The orc warrior barely misses you.
Drink which item? (? for menu, Esc to quit)
Okay, then.
A sky beast comes into view.
The orc warrior hits you with an orcish flail!
Beogh protects you from harm!
There is a stone staircase leading up here.
The orc warrior hits you with an orcish flail!
You die...

....# #### # #.#.#
....#
..#.##.#.####.....#
...I$........).....#
..#.##...####.....#
#.#..I.# ....#
#......### ####
#....o...#
#.#..@#..#
#.#...#..# #
#...#..# #+##...#
#..# ... ###


You could see an orc warrior and a sky beast.

Vanquished Creatures
  Menkaure (D:5)
  An ogre (D:4)
  Duvessa (D:5)
  2 big kobolds (D:4)
  Dowan (D:5)
  5 crimson imps
  An orc priest (D:5)
  2 hounds (D:5)
  A scorpion (D:5)
  3 orc wizards
  2 iguanas
  A worker ant (D:5)
  13 gnolls
  7 adders
  A worm (D:5)
  2 giant geckos
  An ooze (D:1)
  7 orcs
  2 ball pythons (D:5)
  A bat skeleton (D:4)
  32 goblins
  24 hobgoblins
  2 quokkas (D:3)
  10 bats
  5 giant cockroaches
  A giant cockroach zombie (D:5)
  4 giant newts (D:1)
  A goblin skeleton (D:4)
  A hobgoblin zombie (D:5)
  6 jackals
  A jackal skeleton (D:5)
  12 kobolds
  A kobold skeleton (D:4)
  8 rats
163 creatures vanquished.

Vanquished Creatures (others)
  An ogre (D:4)
  2 orcs (D:4)
  4 jackals (D:4)
  A ball python (D:4)
8 creatures vanquished.

Grand Total: 171 creatures vanquished

Notes
Turn   | Place    | Note
--------------------------------------------------------------
     0 | D:1      | PolkaDot, the Hill Orc Hunter, began the quest for the Orb.
     0 | D:1      | Reached XP level 1. HP: 17/17 MP: 0/0
   358 | D:1      | Reached XP level 2. HP: 24/24 MP: 1/1
   803 | D:1      | Reached XP level 3. HP: 24/29 MP: 2/2
  1684 | D:3      | Reached skill level 4 in Bows
  1684 | D:3      | Reached XP level 4. HP: 23/37 MP: 3/3
  2153 | D:3      | Reached skill level 1 in Armour
  2253 | D:3      | Gained mutation: You possess an exceptional clarity of mind. [potion of mutation]
  2253 | D:3      | Gained mutation: You tend to lose your temper in combat. [potion of mutation]
  2253 | D:3      | Lost mutation: You possess an exceptional clarity of mind. [potion of mutation]
  2279 | D:3      | Reached XP level 5. HP: 30/44 MP: 4/4
  3199 | D:4      | Became a worshipper of Beogh the Brigand
  3395 | D:4      | Found a shimmering altar of Xom.
  3472 | D:4      | Reached XP level 6. HP: 40/50 MP: 5/5
  3764 | D:5      | Entered Level 5 of the Dungeon
  3963 | D:5      | Acquired Beogh's first power
  3977 | D:5      | Reached XP level 7. HP: 12/57 MP: 6/6
  4256 | D:5      | Noticed Dowan
  4277 | D:5      | Killed Dowan
  4285 | D:5      | Noticed Duvessa
  4332 | D:5      | Killed Duvessa
  4484 | D:5      | Noticed Menkaure
  4506 | D:5      | Beogh protects you from harm!
  4509 | D:5      | Killed Menkaure
  4509 | D:5      | Reached skill level 5 in Armour
  4965 | D:4      | Noticed an ogre
  4970 | D:4      | Killed an ogre
  4970 | D:4      | Reached skill level 5 in Fighting
  5092 | D:4      | Reached XP level 8. HP: 66/66 MP: 7/7
  5362 | D:4      | Reached skill level 5 in Bows
  5367 | D:4      | Acquired Beogh's second power
  5586 | D:4      | Reached skill level 6 in Armour
  6207 | D:6      | Beogh protects you from harm!
  6211 | D:6      | Slain by an orc warrior

Action                   |  1- 3 |  4- 6 |  7- 9 || total
-------------------------+-------+-------+-------++-------
Melee: Dagger            |   109 |   166 |   251 ||   526
       Unarmed           |       |       |    25 ||    25
 Fire: Bow               |    10 |    51 |    77 ||   138
Invok: Convert to Beogh  |       |     1 |       ||     1
Evoke: Wand              |       |       |     2 ||     2
  Use: Scroll            |     3 |     2 |     3 ||     8
       Potion            |       |    10 |     4 ||    14
